 Dungeon Crawl Stone Soup version 0.29-a0-653-gd47aff6735 (webtiles) character file.

Game seed: 4241520897935101109

58 ptdevnull the Chopper (level 4, -11/35 HPs)
             Began as a Formicid Abyssal Knight on June 22, 2022.
             Was a Believer of Lugonu.
             Killed from afar by Jessica (18 damage)
             ... with a bolt of dispelling energy
             ... on level 3 of the Dungeon.
             The game lasted 00:02:16 (2520 turns).

ptdevnull the Chopper (Formicid Abyssal Knight)     Turns: 2520, Time: 00:02:16

Health: -11/35     AC:  3    Str: 19    XL:     4   Next: 20%
Magic:  6/6        EV: 11    Int: 10    God:    Lugonu [**....]
Gold:   137        SH:  0    Dex: 14    Spells: 3/3 levels left

rFire   . . .      SeeInvis +   k - +1 spear (venom)
rCold   . . .      Faith    .   (no shield)
rNeg    . . .      Spirit   .   b - +0 leather armour
rPois   .          Reflect  .   (helmet unavailable)
rElec   .          Harm     .   (no cloak)
rCorr   .          Rampage  .   (no gloves)
Will    .....                   (no boots)
Stlth   +.........              (no amulet)
HPRegen 0.11/turn               (no ring)
MPRegen 0.10/turn               (no ring)

@: lethally poisoned (-11 -> -13)
A: permanent stasis, dig shafts and tunnels, antennae 3, four strong arms
a: Dig, Shaft Self, Renounce Religion, Depart the Abyss, Bend Space


You were on level 3 of the Dungeon.
You worshipped Lugonu.
Lugonu was pleased with you.
You visited 1 branch of the dungeon, and saw 3 of its levels.
You visited the Abyss 1 time.

You collected 137 gold pieces.

Inventory:

Hand Weapons
 a - a +1 hand axe
 e - a +1 mace of holy wrath
 k - a +1 spear of venom (weapon)
Armour
 b - a +0 leather armour (worn)
Scrolls
 c - 2 scrolls of identify {unknown}
 h - 2 scrolls of magic mapping {unknown}
 i - a scroll of immolation {unknown}
Potions
 d - a potion of lignification {unknown}
 f - a potion of invisibility {unknown}
 g - 2 potions of mutation {unknown}
 j - a potion of curing {unknown}


   Skills:
 - Level 3.2 Fighting
 * Level 3.6 Axes
 - Level 2.1 Armour
 - Level 0.8 Dodging
 + Level 3.2 Invocations


You had 3 spell levels left.
You didn't know any spells.
Your spell library contained the following spells:

 Spells                   Type           Power      Damage    Failure   Level
 Dazzling Flash           Conj/Hex       0%         N/A       80%         3
 Iskenderun's Mystic Bla  Conj/Tloc      0%         2d3       99%         4
 Starburst                Conj/Fire      0%         6d3       100%        6


Dungeon Overview and Level Annotations

Branches:
Dungeon (3/15)

Altars:

Annotations:
D:3 Jessica


Innate Abilities, Weirdness & Mutations

You cannot be hasted, slowed, berserked, paralysed or teleported.
You can dig through walls and to a lower floor.
You have a pair of large antennae on your head. (SInv)
Your four strong arms can wield two-handed weapons with a shield.


Message History

The ball python is moderately wounded.
You feel sick.
A bat comes into view.
The ball python misses you. The ball python grabs you.
The ball python constricts you.
You hit the ball python.
You kill the ball python!
Lugonu accepts your kill.
You feel sick. The bat hits you. Jessica gestures at you while chanting.
Pain shoots through your body!
You hit the bat but do no damage.
The bat is poisoned.
You feel sick. The bat barely misses you.
Jessica zaps a wand.
The bolt of dispelling energy misses you.
Unknown command.
You hit the bat but do no damage.
The bat is poisoned.
You feel sick. The bat hits you but does no damage. The bat barely misses you.
The kobold throws a poisoned dart.
The poisoned dart hits you!
You are more poisoned.
You hit the bat.
You kill the bat!
Lugonu accepts your kill.
You feel sick. The bat hits you but does no damage.
The hobgoblin barely misses you.
You barely miss Jessica.
You feel sick. The bat hits you but does no damage.
The kobold closely misses you.
The hobgoblin hits you but does no damage.
Jessica hits you with a +0 club.
* * * LOW HITPOINT WARNING * * *
Unknown command.
You closely miss Jessica.
You feel sick.
You kill the bat!
Lugonu accepts your kill. The hobgoblin barely misses you.
The kobold misses you. Jessica barely misses you.
You barely miss Jessica.
You feel sick. The hobgoblin closely misses you. The kobold barely misses you.
Jessica zaps a wand.
The bolt of dispelling energy hits you!!
Ouch! That really hurt!
You die...

#. ##.### #.
...... #.
#.#....
#.##.$.....
#.#......#
#........#
#.Kg.....#
#)@@†....#
....[...........
#######..#.#.###
#......#
#.##..... ...
..### ... ..
##.# .##


You could see Jessica, a hobgoblin and a kobold.

Vanquished Creatures
  2 adders (D:2)
  A worm (D:2)
  A dart slug (D:2)
  3 endoplasms (D:2)
  2 giant cockroaches
  4 goblins
  A kobold (D:1)
  4 quokkas
  6 ball pythons
  6 bats
  A frilled lizard (D:1)
  A rat (D:2)
32 creatures vanquished.

Notes
Turn   | Place    | Note
-------+----------+-------------------------------------------
     0 | Abyss:1  | ptdevnull the Formicid Abyssal Knight began the quest for
                  | the Orb.
     0 | Abyss:1  | Reached XP level 1. HP: 18/18 MP: 2/2
     2 | Abyss:1  | Found a corrupted altar of Lugonu.
    34 | D:1      | Escaped the Abyss
   414 | D:1      | Found a faded altar of an unknown god.
   503 | D:1      | Reached XP level 2. HP: 7/24 MP: 3/3
  1172 | D:2      | Reached XP level 3. HP: 29/29 MP: 5/5
  2202 | D:2      | Reached XP level 4. HP: 23/35 MP: 6/6
  2510 | D:3      | Noticed Jessica
  2520 | D:3      | Killed from afar by Jessica

Illustrated notes

Levels and vault maps discovered:
D:1:      dpeg_arrival_water_temple_mockup, layout_loops_ring,
          chequers_ecumenical_altar_island
D:2:      layout_basic, supply_closet_lemuel, chequers_serial_rivers_small_3,
          minmay_indecisive_spiral
D:3:      layout_loops_ring, mainiacjoe_overflow_alcove_2, old_standard_altar,
          nrook_mini_vaults, uniq_jessica

Skill      XL: |  1  2  3 |
---------------+----------+-----
Axes           | 3 |  3.6
Invocations    | 3 |  3.2
Fighting       | |  3.2
Armour         | |  2.1
Dodging        | |  0.8

Action                   |  1- 3 |  4- 6 || total
-------------------------+-------+-------++-------
Melee: Hand axe          |    59 |       ||    59
       Mace              |    38 |       ||    38
       Spear             |       |     9 ||     9
 Abil: Dig               |     2 |       ||     2
 Stab: Sleeping          |     1 |       ||     1
Armor: Leather armour    |    29 |     4 ||    33
Dodge: Dodged            |    81 |    11 ||    92

Table legend: (Time is in decaauts)
 A = Elapsed time spent in this place.
 B = Non-inter-level travel time spent in this place.
 C = Inter-level travel time spent in this place.
 D = Time resting spent in this place.
 E = Time spent auto-exploring this place.
 F = Levels seen in this place.
 G = Mean time per level.
                   A        B        C        D        E       F      G
               +--------+--------+--------+--------+--------+-----+--------+
         Total |   2546 |   2419 |    127 |    209 |   1949 |   4 |  636.5 |
       Dungeon |   2512 |   2385 |    127 |    209 |   1921 |   3 |  837.3 |
         Abyss |     34 |     34 |      0 |      0 |     28 |   1 |   34.0 |
               +--------+--------+--------+--------+--------+-----+--------+

Top non-repeatable levels by time:
     D:2: 1498 daAuts
     D:1: 1004 daAuts
 Abyss:1: 34 daAuts
     D:3: 9 daAuts
